 Dungeon Crawl Stone Soup version 0.25.1-4-g9407a263a5 (webtiles) character file.

Game seed: 18077933528214150781

284 Clowwww the Chopper (level 6, -5/47 HPs)
             Began as a Demonspawn Gladiator on Nov 27, 2020.
             Killed from afar by an orc wizard (10 damage)
             ... with a puff of flame
             ... on level 4 of the Dungeon.
             The game lasted 00:10:23 (3171 turns).

Clowwww the Chopper (Demonspawn Gladiator)          Turns: 3171, Time: 00:10:23

Health: -5/47      AC:  6    Str: 15    XL:     6   Next: 7%
Magic:  0/6        EV: 13    Int: 10    God:
Gold:   140        SH:  0    Dex: 15    Spells: 5/5 levels left

rFire    . . .     SeeInvis .   a - +0 war axe
rCold    . . .     Gourm    .   (no shield)
rNeg     . . .     Faith    .   b - +0 leather armour
rPois    .         Spirit   +   c - +0 helmet
rElec    .         Reflect  .   (no cloak)
rCorr    .         Harm     .   (no gloves)
MR       .....                  (no boots)
Stlth    +.........             (no amulet)
HPRegen  0.15/turn              (no ring)
MPRegen  0.10/turn              (no ring)

@: no status effects
A: claws 1, icy blue scales 1, magic shield
a: no special abilities


You were on level 4 of the Dungeon.
You were not hungry.

You visited 1 branch of the dungeon, and saw 4 of its levels.

You collected 140 gold pieces.

Inventory:

Hand Weapons
 a - a +0 war axe (weapon)
 s - a +0 hand axe of freezing
Missiles
 d - 3 throwing nets
 n - 6 poisoned darts (quivered)
Armour
 b - a +0 leather armour (worn)
 c - a +0 helmet (worn)
Scrolls
 e - 3 scrolls of amnesia {unknown}
 g - 3 scrolls of teleportation {unknown}
 h - a scroll of fear {unknown}
 j - a scroll of immolation {unknown}
 k - a scroll of remove curse {unknown}
 o - 2 scrolls of identify {unknown}
 q - a scroll of random uselessness {unknown}
Potions
 i - 2 potions of brilliance {unknown}
 l - a potion of heal wounds {unknown}
 m - 2 potions of might {unknown}
 p - a potion of invisibility {unknown}
 r - 2 potions of curing {unknown}
Comestibles
 f - 8 rations
 t - 3 chunks of flesh


   Skills:
 + Level 3.2 Fighting
 + Level 4.7 Axes
 + Level 1.9 Throwing
 + Level 1.4 Armour
 + Level 3.6 Dodging
 + Level 0.1 Stealth


You had 5 spell levels left.
You didn't know any spells.
Your spell library was empty.

Dungeon Overview and Level Annotations

Branches:
Dungeon (4/15)
 Temple: D:4-7

Altars:


Innate Abilities, Weirdness & Mutations

You have sharp fingernails.
You are partially covered in icy blue scales. (AC +2)
When hurt, damage is shared between your health and your magic reserves.


Message History

The orc wizard is almost dead.
The orc wizard barely misses you.
You hit the orc wizard but do no damage.
The orc wizard is almost dead.
The orc wizard casts a spell at you.
The puff of flame hits you but does no damage.
You barely miss the orc wizard.
The orc wizard is almost dead.
The orc wizard closely misses you.
The orc wizard hits you but does no damage.
You hit the orc wizard.
The orc wizard is almost dead.
The orc wizard casts a spell at you. The puff of flame hits you!
* * * LOW HITPOINT WARNING * * *
You closely miss the orc wizard.
The orc wizard is almost dead.
The orc wizard points at you and mumbles some strange words.
The puff of flame hits you!
You die...

#.##...
#.######
#..#
#..#
##.# #.#
#.##
#..#
#)@#
#o[)#
..$..#
#.##..#
... #..#
### #...
##.. #..


You could see an orc wizard.

Vanquished Creatures
  2 orc wizards
  A hound (D:4)
  7 adders
  2 worms
  4 dart slugs
  2 leopard geckos
  19 orcs
  4 ball pythons
  3 giant cockroaches (D:3)
  7 goblins
  8 hobgoblins
  11 jackals
  10 kobolds
  3 quokkas
  2 bats
  3 frilled lizards
  4 rats
92 creatures vanquished.

Notes
Turn   | Place    | Note
-------+----------+-------------------------------------------
     0 | D:1      | Clowwww the Demonspawn Gladiator began the quest for the
                  | Orb.
     0 | D:1      | Reached XP level 1. HP: 16/16 MP: 1/1
   106 | D:1      | Gained mutation: You have sharp fingernails. [demonic
                  | ancestry]
   106 | D:1      | Reached XP level 2. HP: 4/22 MP: 2/2
   422 | D:1      | Reached skill level 3 in Axes
   513 | D:1      | Gained mutation: When hurt, damage is shared between your
                  | health and your magic reserves. [demonic ancestry]
   513 | D:1      | Reached XP level 3. HP: 20/27 MP: 3/3
  1121 | D:2      | Gained mutation: You are partially covered in icy blue
                  | scales. (AC +2) [demonic ancestry]
  1121 | D:2      | Reached XP level 4. HP: 27/34 MP: 2/4
  1431 | D:2      | Reached skill level 1 in Armour
  1941 | D:2      | Reached XP level 5. HP: 39/39 MP: 5/5
  2162 | D:3      | Reached skill level 4 in Axes
  2215 | D:3      | Found a faded altar of an unknown god.
  3118 | D:4      | Reached XP level 6. HP: 43/47 MP: 6/6
  3171 | D:4      | Killed from afar by an orc wizard

Illustrated notes

Levels and vault maps discovered:
D:1:      tarquinn_simple_flora_water_e, layout_rooms
D:2:      layout_rooms, first_ration, kennysheep_nub
D:3:      layout_loops_cross, chequers_ecumenical_altar_grove, minmay_quantized
D:4:      layout_basic

Skill      XL: |  1  2  3  4  5 |
---------------+----------------+-----
Dodging        | 3 |  3.6
Axes           | 3 4 |  4.7
Armour         | 1 |  1.4
Fighting       | 3 |  3.2
Throwing       | |  1.9
Stealth        | |  0.1

Action                   |  1- 3 |  4- 6 || total
-------------------------+-------+-------++-------
Melee: War axe           |    85 |   212 ||   297
  Eat: Chunk             |     1 |     7 ||     8
Armor: Leather armour    |    15 |    63 ||    78
Dodge: Dodged            |    71 |   160 ||   231
